 Dungeon Crawl Stone Soup version 0.25-a0-258-g6d7e32a812 (webtiles) character file.

Game seed: 10968858449527167555, levelgen mode: deterministic

772 Redear the Sneak (level 7, 0/49 HPs)
             Began as an Octopode Fighter on Dec 6, 2019.
             Was a Plaything of Xom.
             Killed from afar by an orc wizard (9 damage)
             ... with a magic dart
             ... on level 5 of the Dungeon.
             The game lasted 00:10:29 (4927 turns).

Redear the Sneak (Octopode Fighter)                 Turns: 4927, Time: 00:10:29

Health: 0/49       AC:  1    Str: 19    XL:     7   Next: 83%
Magic:  7/7        EV: 13    Int: 11    God:    Xom [..*...]
Gold:   159        SH:  0    Dex: 13    Spells: 6/6 levels left

rFire    . . .     SeeInvis .   n - +1 short sword (venom)
rCold    . . .     Gourm    .   b - +0 shield
rNeg     . . .     Faith    .   (helmet restricted)
rPois    .         Spirit   .   (no amulet)
rElec    .         Reflect  .   h - +4 ring of strength
rCorr    .         Harm     .   (no ring)
MR       .....                  (no ring)
Stlth    ++........             (no ring)
HPRegen  0.16/turn              (no ring)
MPRegen  0.10/turn              (no ring)
                                (no ring)
                                (no ring)

@: confused
A: almost no armour, stealthy swim, amphibious, 8 rings, constrict 8, camouflage
1, gelatinous body 1
a: Renounce Religion


You were on level 5 of the Dungeon.
You worshipped Xom.
You were a toy of Xom.
You were near starving.

You visited 2 branches of the dungeon, and saw 6 of its levels.

You collected 159 gold pieces.

Inventory:

Hand Weapons
 a - a +0 long sword
 j - a +0 short sword
 m - a +4 quarterstaff of chaos
 n - a +1 short sword of venom (weapon)
Missiles
 Z - a throwing net (quivered) {+f}
Armour
 b - a +0 shield (worn)
Jewellery
 h - a +4 ring of strength (left tentacle)
Wands
 p - a wand of random effects (24)
Scrolls
 d - a scroll of remove curse {unknown}
 f - 2 scrolls of amnesia {unknown}
 g - 2 scrolls of enchant weapon {unknown}
 k - 2 scrolls of immolation {unknown}
 l - a scroll of identify {unknown}
 o - a scroll of magic mapping {unknown}
 q - a scroll of enchant armour {unknown}
 t - a scroll of fog {unknown}
 u - a scroll of silence {unknown}
Potions
 c - 2 potions of might {Str+5 DMG+1d10 | @q3}
 e - a potion of heal wounds {unknown}
 r - a potion of haste {unknown}
 s - a potion of cancellation {unknown}
Comestibles
 z - 10 rations


   Skills:
 + Level 4.8 Fighting
 + Level 4.2 Long Blades
 + Level 4.7 Dodging
 + Level 5.1 Stealth
 + Level 4.8 Shields


You had 6 spell levels left.
You didn't know any spells.
Your spell library was empty.

Dungeon Overview and Level Annotations

Branches:
Dungeon (5/15)             Temple (1/1) D:4

Altars:
Ashenzari
Cheibriados
Dithmenos
Elyvilon
Fedhas
Gozag
Hepliaklqana
Kikubaaqudgha
Makhleb
Nemelex Xobeh
Okawaru
Qazlal
Ru
Sif Muna
Trog
Uskayaw
Vehumet
Wu Jian
Xom
Yredelemnul
Zin
The Shining One

Annotations:
D:4 3 runed translucent doors, rubinsalamander's ghost, amateur NaIE


Innate Abilities, Weirdness & Mutations

You cannot wear most types of armour.
You are very stealthy in the water. (Stealth+)
You are amphibious.
You can wear up to eight rings at the same time.
You can use your tentacles to constrict eight enemies at once.
Your skin changes colour to match your surroundings (Stealth+).
Your rubbery body absorbs attacks. (AC +1, EV +1)


Message History

The magic dart hits you!
* * * LOW HITPOINT WARNING * * *
You take 7 damage, and have 8/49 hp.
Okay, then.
Unknown command.
An orc wizard appears from thin air!
Reactivating autopickup.
The orc wizard points at you and mumbles some strange words.
The puff of flame hits you!
* * * LOW HITPOINT WARNING * * *
Xom is mildly amused.
You take 8 damage, and have 3/49 hp.
The orc wizard points at you and mumbles some strange words.
You are confused.
You are more confused.
You feel invigorated.
The orc wizard gestures at you while chanting.
The magic dart hits you!
You die...
Xom roars with laughter!

#####.# ##...## #.#
##.....## ##.##
##.......#
####...####.........
.....(.....'.........
#####...####.........
#...## ##.......#
#.### ##.....## #@#
##...## #.# ##'## #.#
#######.# #.#
##.....#.# #.#
#......#.## #o#
#.........### #o#
#............
#O####.........##.
#...{o.O........#.


You could see an ogre, an orc wizard and an orc.

Vanquished Creatures
  An ogre (D:4)
  A centaur (D:5)
  A howler monkey (D:5)
  2 bullfrog zombies (D:5)
  2 hounds (D:4)
  5 orc wizards
  2 orc priests
  Crazy Yiuf (D:3)
  2 worker ants
  A hound zombie (D:5)
  2 hound skeletons
  A worker ant zombie (D:5)
  A howler monkey zombie (D:5)
  2 adders
  An adder zombie (D:5)
  4 worms
  A dart slug (D:1)
  2 leopard geckos
  9 orcs
  5 giant cockroaches
  6 goblins
  6 hobgoblins
  16 jackals
  A quokka (D:4)
  A ball python (D:4)
  4 bats
  5 frilled lizards
  7 kobolds
  A leopard gecko skeleton (D:4)
  9 rats
102 creatures vanquished.

Notes
Turn   | Place    | Note
-------+----------+-------------------------------------------
     0 | D:1      | Redear the Octopode Fighter began the quest for the Orb.
     0 | D:1      | Reached XP level 1. HP: 16/16 MP: 1/1
   112 | D:1      | Reached XP level 2. HP: 11/21 MP: 2/2
   141 | D:1      | Reached skill level 1 in Stealth
   506 | D:1      | HP: 2/21 [hobgoblin (1)]
   794 | D:1      | Reached XP level 3. HP: 24/26 MP: 3/3
  1198 | D:2      | Reached skill level 2 in Stealth
  1198 | D:2      | Reached XP level 4. HP: 25/31 MP: 4/4
  1937 | D:3      | HP: 3/31 [something (1)]
  1959 | D:3      | Reached XP level 5. HP: 21/37 MP: 5/5
  2355 | D:3      | Reached skill level 3 in Long Blades
  2364 | D:3      | Reached skill level 3 in Stealth
  2384 | D:3      | Found a blossoming altar of Fedhas.
  3104 | D:3      | Found a runed translucent door.
  3105 | D:3      | Noticed Crazy Yiuf
  3114 | D:3      | Killed Crazy Yiuf
  3114 | D:3      | Reached XP level 6. HP: 43/43 MP: 6/6
  3193 | D:4      | Reached skill level 4 in Fighting
  3193 | D:4      | Reached skill level 4 in Dodging
  3193 | D:4      | Reached skill level 4 in Shields
  3337 | D:4      | Found a staircase to the Ecumenical Temple.
  3347 | D:4      | Reached skill level 4 in Stealth
  3365 | Temple   | Entered the Ecumenical Temple
  3964 | Temple   | Became a worshipper of Xom of Chaos
  4040 | D:4      | XOM: smoke on damage
  4044 | D:4      | Reached XP level 7. HP: 31/49 MP: 7/7
  4140 | D:4      | Found a burning altar of Makhleb.
  4170 | D:4      | Noticed rubinsalamander's ghost (amateur NaIE)
  4175 | D:4      | Found a runed translucent gate.
  4175 | D:4      | Found a runed translucent gate.
  4175 | D:4      | Found a runed translucent gate.
  4458 | D:5      | Entered Level 5 of the Dungeon
  4518 | D:5      | XOM: cast spell 'Olgreb's Toxic Radiance'
  4726 | D:5      | XOM: divination: magic mapping
  4727 | D:5      | Reached skill level 4 in Long Blades
  4750 | D:5      | Reached skill level 5 in Stealth
  4925 | D:5      | HP: 3/49 [orc wizard/puff of flame (8)]
  4927 | D:5      | Killed from afar by an orc wizard

Levels and vault maps discovered:
D:1:      dpeg_arrival_fog, layout_loops_corners, minivault_25,
          minmay_misc_feat_room
D:2:      layout_loops_corners, minmay_worlds_worst_comb
D:3:      layout_basic, fedhas_altar_1, uniq_crazy_yiuf_cottage
D:4:      layout_loops_ring, makhleb_heckhound_becter,
          minmay_temple_entry_ruins, first_ration, gammafunk_ghost_split
D:5:      layout_loops_corners, serial_undead, serial_undead_f, serial_undead_d,
          serial_undead_a, serial_undead_b, serial_shops, kennysheep_mini_moat,
          shop, nicolae_shop_crystal, uniq_ijyb
Temple:   nicolae_temple_the_god_donut

Skill      XL: |  1  2  3  4  5  6  7 |
---------------+----------------------+-----
Stealth        | 1 2 3 4 5 |  5.1
Long Blades    | 3 4 |  4.2
Fighting       | 4 |  4.8
Dodging        | 4 |  4.7
Shields        | 4 |  4.8

Action                   |  1- 3 |  4- 6 |  7- 9 || total
-------------------------+-------+-------+-------++-------
Melee: Long sword        |    53 |    16 |       ||    69
       Constrict         |    16 |    27 |    14 ||    57
       Tentacles         |    10 |    18 |    12 ||    40
       Short sword       |       |    96 |    58 ||   154
  Use: Potion            |       |     6 |     1 ||     7
 Stab: Sleeping          |     5 |    12 |     2 ||    19
  Eat: Chunk             |       |     4 |       ||     4
       Ration            |       |     2 |       ||     2
Armor: Skin              |     9 |    16 |     3 ||    28
Dodge: Dodged            |    27 |    31 |    35 ||    93
Block: Shield            |    16 |    38 |    21 ||    75
       Rpst.: Long sword |     8 |       |       ||     8

Table legend:
 A = Non-vault XP
 B = Vault XP
 C = Vault XP percentage of total XP
 D = Non-vault monster count
 E = Vault monster count
 F = Vault count percentage of total count
                 A         B        C        D         E       F
            +---------+---------+-------+---------+---------+-------
      Total |     864 |     240 |  21.7 |      91 |      11 |  10.8
            +---------+---------+-------+---------+---------+-------
        D:1 |      41 |       0 |   0.0 |      24 |       0 |   0.0
        D:2 |      59 |       6 |   9.2 |      15 |       3 |  16.7
        D:3 |     175 |      40 |  18.6 |      18 |       1 |   5.3
        D:4 |     321 |      43 |  11.8 |      26 |       1 |   3.7
        D:5 |     243 |     151 |  38.3 |       6 |       6 |  50.0
     Temple |      25 |       0 |   0.0 |       2 |       0 |   0.0
            +---------+---------+-------+---------+---------+-------
